 Dungeon Crawl Stone Soup version 0.31-a0-202-g547052bce9 (webtiles) character file.

Game seed: 5610996688153708037

37 qw the Shooter (level 3, -2/20 HPs)
             Began as a Deep Elf Hunter on June 26, 2023.
             Killed from afar by Sigmund (4 damage)
             ... with a magic dart
             ... on level 2 of the Dungeon.
             The game lasted 00:00:22 (787 turns).

qw the Shooter (Deep Elf Hunter)                     Turns: 787, Time: 00:00:23

Health: -2/20      AC:  8    Str: 10    XL:     3   Next: 21%
Magic:  5/5        EV: 11    Int: 13    God:
Gold:   65         SH:  0    Dex: 18    Spells: 2/2 levels left

rFire   . . .        Y - +1 shortbow (flame)
rCold   . . .        (shield currently unavailable)
rNeg    . . .        g - +0 ring mail
rPois   .            d - +2 hat
rElec   .            (no cloak)
rCorr   .            i - +0 pair of gloves
SInv    .            (no boots)
Will    .....        b - amulet of regeneration
Stlth   +            (no ring)
HPRegen 1.03/turn    (no ring)
MPRegen 0.09/turn

%: no passive effects
@: no status effects
A: no striking features
a: no special abilities


You were on level 2 of the Dungeon.
You visited 1 branch of the dungeon, and saw 2 of its levels.

You collected 65 gold pieces.


   Skills:
 - Level 1.5 Fighting
 + Level 6.8 Ranged Weapons
 - Level 2.4 Dodging
 - Level 1.2 Stealth


You had 2 spell levels left.
You didn't know any spells.
Your spell library was empty.

Inventory:

Hand Weapons
 Y - a +1 shortbow of flaming (weapon)
Armour
 d - a +2 hat (worn)
 g - a +0 ring mail (worn)
 i - a +0 pair of gloves (worn)
Jewellery
 b - an amulet of regeneration (around neck)
Scrolls
 a - a scroll of identify

Dungeon Overview and Level Annotations

Branches:
Dungeon (2/15)

Altars:

Annotations:
D:2 Sigmund


Message History

You kill the quokka!
You start resting.
HP restored.
A frilled lizard comes into view.
Enter note:
Enter note:
Enter note: You shoot an arrow.
The arrow hits the frilled lizard!
The arrow burns the frilled lizard.
You kill the frilled lizard!
Sigmund the Dreaded comes into view.
He is wielding a +0 scythe and carrying a wand of flame (6).
Found 4 stones.
Enter note:
Enter note:
Enter note: You shoot an arrow.
The arrow hits Sigmund!
The arrow burns Sigmund.
Sigmund shouts!
Sigmund is heavily wounded.
Sigmund drinks a potion.
Sigmund seems to speed up.
You shoot an arrow. The arrow hits Sigmund.
The arrow burns Sigmund.
Sigmund is heavily wounded.
You shoot an arrow. The arrow hits Sigmund.
The arrow burns Sigmund.
Sigmund is severely wounded.
Sigmund zaps a wand.
The puff of flame misses you.
Sigmund zaps a wand.
The puff of flame hits you!
Ouch! That really hurt!
You shoot an arrow. The arrow closely misses Sigmund.
Sigmund casts a spell at you. The puff of flame misses you.
You shoot an arrow. The arrow hits Sigmund.
The arrow burns Sigmund.
Sigmund is almost dead.
Sigmund points at you and mumbles some strange words.
The magic dart hits you.
You shoot an arrow.
The arrow hits Sigmund but does no damage.
Sigmund is almost dead.
Sigmund zaps a wand.
The puff of flame hits you. Sigmund casts a spell at you.
The magic dart hits you.
You die...

#.#............#
#.#
#.##......#..#.#
#.#
..#..#...#.##.# .#
. ...........##.#
.# ..
###.#...#####.#
...###.#.....###.#
.@..(##.....##.#
#..#..##..#...
#..@.........
##.........#%
#..........## #
........##.#...
#....##.# .#.#..
...##. ..# .. . .
... #. .## ##. .
.. .. . ..


You could see Sigmund (fast).

Vanquished Creatures
  A worm (D:2)
  2 endoplasms (D:1)
  3 giant cockroaches
  2 goblins (D:1)
  6 hobgoblins
  2 kobolds (D:1)
  2 quokkas
  5 ball pythons
  3 frilled lizards
  3 rats (D:1)
29 creatures vanquished.

Notes
Turn   | Place    | Note
-------+----------+-------------------------------------------
     0 | D:1      | qw the Deep Elf Hunter began the quest for the Orb.
     0 | D:1      | Reached XP level 1. HP: 12/12 MP: 3/3
     0 | D:1      | 0 ||| qw: Version: 0.3-a-22-g0ed2b0b
     0 | D:1      | 0 ||| qw: Game counter: 6083
     0 | D:1      | 0 ||| qw: Melee chars always use a shield: true
     0 | D:1      | 0 ||| qw: God list: Okawaru
     0 | D:1      | 0 ||| qw: Allow faded altars: false
     0 | D:1      | 0 ||| qw: Do Orc after clearing Dungeon:15 true
     0 | D:1      | 0 ||| qw: Do second Lair branch before Depths: true
     0 | D:1      | 0 ||| qw: Lair rune preference: random
     0 | D:1      | 0 ||| qw: Goals: Normal
     0 | D:1      | 0 ||| PLANNING D:1-11
    84 | D:1      | Found a faded altar of an unknown god.
   117 | D:1      | Reached XP level 2. HP: 16/16 MP: 4/4
   122 | D:1      | Reached skill level 6 in Ranged Weapons
   605 | D:1      | 605 ||| UPGRADING to +2 hat.
   610 | D:1      | 610 ||| UPGRADING to +0 ring mail.
   620 | D:1      | 620 ||| DROPPING +0 leather armour.
   621 | D:1      | 621 ||| UPGRADING to +0 pair of gloves.
   626 | D:1      | 626 ||| READING scroll labelled SUOTHENASE.
   627 | D:1      | 627 ||| READING scroll labelled GESIKHISOU.
   628 | D:1      | 628 ||| READING scroll labelled RET HORGHUZOEMU.
   629 | D:1      | 629 ||| DROPPING scroll of butterflies.
   702 | D:2      | Reached XP level 3. HP: 20/20 MP: 5/5
   704 | D:2      | 704 ||| UPGRADING to amulet of regeneration.
   781 | D:2      | Noticed Sigmund
   787 | D:2      | HP: 2/20 [Sigmund/puff of flame (5)]
   787 | D:2      | Killed from afar by Sigmund

Levels and vault maps discovered:
D:1:      giann_horns, layout_basic, shapermc_ecumenical_altar_gd
D:2:      layout_rooms, basic_altar, kennysheep_nondescript, moated_statue,
          reono_crystal_passage, serial_bayou_pond_b, hex_tiny, uniq_sigmund

Skill      XL: |  1  2 |
---------------+-------+-----
Ranged Weapons | 6 |  6.8
Fighting       | |  1.5
Dodging        | |  2.4
Stealth        | |  1.2

Action                     || total
---------------------------++-------
   Fire: Shortbow          ||    68
    Use: Scroll            ||     3
 Armour: Leather armour    ||     2
         Ring mail         ||     1
  Dodge: Dodged            ||     8

Table legend:
 A = Non-vault XP
 B = Vault XP
 C = Vault XP percentage of total XP
 D = Non-vault monster count
 E = Vault monster count
 F = Vault count percentage of total count
                 A         B        C        D         E       F
            +---------+---------+-------+---------+---------+-------
      Total |      42 |      11 |  20.8 |      25 |       4 |  13.8
            +---------+---------+-------+---------+---------+-------
        D:1 |      39 |       0 |   0.0 |      23 |       0 |   0.0
        D:2 |       3 |      11 |  78.6 |       2 |       4 |  66.7
            +---------+---------+-------+---------+---------+-------
